 Dungeon Crawl Stone Soup version 0.32-a0-441-gaf4921d101 (webtiles) character file.

Game seed: 15618691360563644281

39307 vmvhnmv the Blocker (level 13, -2/97 HPs)
             Began as a Minotaur Fighter on Feb 23, 2024.
             Was the Champion of Okawaru.
             Slain by a boulder beetle (36 damage)
             ... on level 13 of the Dungeon.
             The game lasted 00:26:42 (16741 turns).

vmvhnmv the Blocker (Minotaur Fighter)             Turns: 16741, Time: 00:26:43

Health: -2/97      AC: 27    Str: 27    XL:     13   Next: 68%
Magic:  0/12       EV: 13    Int:  9    God:    Okawaru [******]
Gold:   2192       SH:  9    Dex: 17    Spells: 12/12 levels left

rFire   + . .        x - +8 broad axe of Igauff {heavy, Dex+6}
rCold   + . .        c - +1 buckler
rNeg    + + .        D - +1 plate armour {rC+}
rPois   .            (helmet restricted)
rElec   +            d - +1 cloak
rCorr   .            A - +1 pair of gloves
SInv    +            q - +0 pair of boots of the Stone Wall {rElec rN++ Will- SInv}
Will    .....        g - amulet of guardian spirit Stlth
                     m - +4 ring of protection
HPRegen 0.36/turn    E - ring of Untruth {rElec rF+ Str+2 SInv}
MPRegen 0.13/turn

%: guardian spirit
@: no status effects
A: horns 2, retaliatory headbutt, thin skeletal structure 1, clever 1, frail 2,
inability to drink after injury 2
a: Renounce Religion, Heroism, Finesse, Duel, Receive Weapon


You were on level 13 of the Dungeon.
You worshipped Okawaru.
Okawaru was exalted by your worship.
You visited 2 branches of the dungeon, and saw 14 of its levels.
You visited the Abyss 1 time.
You also visited: Ice Cave.

You collected 2192 gold pieces.

Inventory:

Hand Weapons
 t - a +4 war axe
 w - a +2 hand axe of flaming
 x - the +8 broad axe of Igauff (weapon) {heavy, Dex+6}
   (You acquired it on level 10 of the Dungeon)

   Dex+6:     It affects your dexterity (+6).
 z - the +8 lance "Wyrmbane" {slay drac, rPois rF+ rC+ AC+3}
   (You took it off a yaktaur on level 10 of the Dungeon)

   AC+3:      It affects your AC (+3).
   rF+:       It protects you from fire.
   rC+:       It protects you from cold.
   rPois:     It protects you from poison
Armour
 c - a +1 buckler (worn)
 d - a +1 cloak (worn)
 l - a +0 plate armour of poison resistance
 q - the +0 pair of boots of the Stone Wall (worn) {rElec rN++ Will- SInv}
   (Okawaru gifted it to you on level 3 of the Abyss)

   rElec:     It insulates you from electricity.
   rN++:      It greatly protects you from negative energy.
   Will-:     It decreases your willpower.
   SInv:      It lets you see invisible.
 v - the +0 pair of boots "Wongedon" {SInv}
   (You acquired it on level 10 of the Dungeon)

   SInv:      It lets you see invisible.
 A - a +1 pair of gloves (worn)
 B - a +1 scale mail of cold resistance
 D - a +1 plate armour of cold resistance (worn)
Jewellery
 b - a ring of protection from cold
 g - an amulet of guardian spirit (around neck)
 m - a +4 ring of protection (left hand)
 C - a ring of protection from cold
 E - the ring of Untruth (right hand) {rElec rF+ Str+2 SInv}
   (You acquired it on level 12 of the Dungeon)

   [ring of see invisible]

   Str+2:     It affects your strength (+2).
   rF+:       It protects you from fire.
   rElec:     It insulates you from electricity.
   SInv:      It lets you see invisible.
Wands
 i - a wand of iceblast (14)
 n - a wand of polymorph (25)
 o - a wand of paralysis (10)
Scrolls
 f - 2 scrolls of blinking
 u - a scroll of identify
 y - a scroll of enchant weapon
 F - a scroll of revelation
Potions
 a - 2 potions of curing
 e - a potion of cancellation
 h - a potion of ambrosia
 j - 5 potions of enlightenment
 k - a potion of resistance
 p - a potion of magic
 s - 2 potions of attraction
Miscellaneous
 r - a phial of floods


   Skills:
 + Level 13.3 Fighting
 + Level 13.1 Axes
 + Level 13.3 Armour
 + Level 11.8 Dodging
 + Level 13.3 Shields


You had 12 spell levels left.
You didn't know any spells.
Your spell library contained the following spells:

 Spells                   Type           Power      Damage    Failure   Level
 Apportation              Tloc           0%         N/A       97%         1
 Necrotise                Necr           0%         1d4       97%         1
 Shock                    Conj/Air       0%         1d3       97%         1
 Sting                    Conj/Alch      0%         1d3       97%         1
 Mercury Vapours          Alch/Air       0%         N/A       99%         2
 Dazzling Flash           Conj/Hex       0%         N/A       100%        3
 Frozen Ramparts          Ice            0%         1d1       100%        3
 Fugue of the Fallen      Necr           0%         N/A       100%        3
 Hailstorm                Conj/Ice       0%         3d5       100%        3
 Mephitic Cloud           Conj/Alch/Air  0%         N/A       100%        3
 Ozocubu's Armour         Ice            0%         N/A       100%        3
 Sigil of Binding         Hex            0%         N/A       100%        3
 Brom's Barrelling Bould  Conj/Erth      0%         2d3       100%        4
 Leda's Liquefaction      Alch/Erth      0%         N/A       100%        4
 Manifold Assault         Tloc           0%         N/A       100%        4
 Olgreb's Toxic Radiance  Alch           0%         N/A       100%        4
 Passage of Golubria      Tloc           0%         N/A       100%        4
 Petrify                  Alch/Erth      0%         N/A       100%        4
 Curse of Agony           Necr           0%         N/A       100%        5
 Fireball                 Conj/Fire      0%         3d3       100%        5
 Freezing Cloud           Conj/Ice/Air   0%         6-21      100%        5
 Iskenderun's Battlesphe  Conj           0%         2d6       100%        5
 Lee's Rapid Deconstruct  Erth           0%         3d4*      100%        5
 Silence                  Hex/Air        0%         N/A       100%        5
 Yara's Violent Unravell  Hex/Alch       0%         3d3       100%        5
 Bombard                  Conj/Erth      0%         9d1       100%        6
 Conjure Ball Lightning   Conj/Air       0%         3x3d6     100%        6
 Orb of Destruction       Conj           0%         9d5       100%        7
 Summon Small Mammal      Summ           Unusable   N/A       N/A         1
 Tukima's Dance           Hex            Unusable   N/A       N/A         3

Dungeon Overview and Level Annotations

Branches:
Dungeon (13/15)            Temple (1/1) D:4            Lair (0/5) D:10
    Orc (0/2) D:11          IceCv (visited)
 Vaults: D:13-14

Altars:
Ashenzari
Cheibriados
Dithmenos
Elyvilon
Fedhas
Gozag
Hepliaklqana
Kikubaaqudgha
Makhleb
Nemelex Xobeh
Okawaru
Qazlal
Ru
Sif Muna
Trog
Uskayaw
Vehumet
Wu Jian
Xom
Yredelemnul
Zin
The Shining One

Shops:
D:3 :

Annotations:
D:4 3 runed translucent doors, Essalna's ghost, novice GrEE
D:13 Jess's ghost, journeyman TeSu


Innate Abilities, Weirdness & Mutations

You have a pair of horns on your head.
You reflexively headbutt those who attack you in melee.
You have a somewhat thin skeletal structure. (Dex +2, Stealth+)
Your mind is acute. (Int +4, Str/Dex -1)
You are very frail. (-20% HP)
You sometimes lose the ability to drink potions when taking damage.


Message History

You are too injured to fight recklessly!
Unknown command.
Unknown command.
Unknown command.
You miss Jess's ghost. Your headbutt misses Jess's ghost.
Jess's ghost is severely damaged.
You slash the boulder beetle! You block the bat's attack.
The cerulean imp hits you but does no damage.
The cerulean imp misses you.
The boulder beetle bites you but does no damage.
The cerulean imp completely misses you.
Jess's ghost hits you but does no damage.
The cerulean imp misses you. The cerulean imp closely misses you.
You completely miss Jess's ghost.
Jess's ghost is severely damaged.
You hit the bat.
You kill the bat!
The bat's corpse disappears in a puff of smoke!
You slash the boulder beetle!
The boulder beetle leaps!
The cerulean imp hits you but does no damage.
Jess's ghost hits you!
The cerulean imp hits you but does no damage. x2
The boulder beetle curls into a ball and begins rolling!
The cerulean imp hits you but does no damage.
Jess's ghost hits you.
Unknown command.
You miss Jess's ghost.
Jess's ghost is severely damaged.
The cerulean imp hits you but does no damage. x2
You block the cerulean imp's attack.
Jess's ghost hits you but does no damage.
You block the cerulean imp's attack.
The cerulean imp hits you but does no damage.
You closely miss Jess's ghost. Your headbutt misses Jess's ghost.
Jess's ghost is severely damaged.
The cerulean imp hits you from afar with a +2 spear.
Jess's ghost hits you but does no damage.
You block the cerulean imp's attack. The cerulean imp barely misses you. x2
The boulder beetle hits you!!!
You die...

######.#####.#+#+#.......<#......
...........^.#............#......
..........####...................
..........+......................
..######..#......#########.......
..# #..#°.....#.......#.......
..# #..#.°○...#5..#.).#.......
..# #..#...○..)5.#.#[D#.......
..# #..###+#B@W.....=u#.......
.^# #.........[5I#.#?.#.......
..# #.........#...#(.o#.......
..######..)......#.......#.......
.................#########.......
.............<...................
........................(........
.........#####..######.......####
.........#...#...............#


You could see a boulder beetle (rolling), a lightning spire (summoned), Jess's
ghost and 3 cerulean imps.

Vanquished Creatures
  A tentacled monstrosity (Abyss:3)
  A fire giant (D:13)
  A reaper (IceCv)
  A green death (Abyss:3)
  A fire dragon (D:13)
  A hydra (D:12)
  A boulder beetle (D:13)
  4 two-headed ogres
  3 centaur warriors
  A tengu warrior (D:13)
  2 occultists (D:12)
  Lodul (D:11)
  3 skeletal warriors (D:11)
  An arcanist (D:10)
  A flayed ghost (Abyss:3)
  A deep elf zephyrmancer (D:12)
  3 large abominations (Abyss:3)
  2 deep elf pyromancers (D:12)
  4 ugly things
  3 cyclopes
  A wolf spider (D:13)
  A meliai (shapeshifter) (D:12)
  2 ice statues (IceCv)
  A smoke demon (Abyss:3)
  2 gargoyles
  3 unseen horrors
  Maggie (D:7)
  2 tengu conjurers (D:13)
  An efreet (Abyss:3)
  A yaktaur (D:10)
  A freezing wraith (IceCv)
  A komodo dragon (D:11)
  5 ice devils (IceCv)
  An ancient zyme (Abyss:3)
  3 trolls
  A hornet (shapeshifter) (Abyss:3)
  A hornet (D:6)
  A raiju (Abyss:3)
  7 slime creatures
  Sigmund (D:4)
  2 shadows
  A vampire (D:11)
  A wyvern (D:8)
  2 wraiths
  2 ynoxinuls (Abyss:3)
  11 yaks
  An alligator snapping turtle simulacrum (Abyss:3)
  4 neqoxecs (Abyss:3)
  A basilisk (D:10)
  2 steam dragons
  2 hogs (D:12)
  A human (D:12)
  2 vampire mosquitoes (D:10)
  A death yak simulacrum (IceCv)
  A harpy simulacrum (IceCv)
  2 water moccasins
  A hydra simulacrum (IceCv)
  Duvessa (D:7)
  Pargi (D:3)
  5 orc warriors
  2 ice beasts
  A black bear (D:7)
  3 sky beasts
  A small abomination (Abyss:3)
  9 ogres
  A wolf (D:11)
  2 phantoms
  4 centaurs
  A kobold brigand (D:10)
  2 bullfrogs
  A wyvern zombie (D:7)
  A scorpion (D:6)
  20 wights
  A cane toad simulacrum (IceCv)
  Dowan (D:7)
  A killer bee (D:9)
  An elephant simulacrum (IceCv)
  A bombardier beetle (D:7)
  2 howler monkeys (D:10)
  2 centaur zombies (D:7)
  6 jellies
  A quasit (Abyss:3)
  A bullfrog zombie (D:7)
  2 hounds
  8 orc priests
  2 gnoll boudas (D:5)
  Crazy Yiuf (D:6)
  An iron imp (Abyss:3)
  4 iguanas
  Natasha (thrice) (D:4)
  10 orc wizards
  3 polar bear simulacra (IceCv)
  5 spriggan simulacra (IceCv)
  2 troll simulacra (IceCv)
  A killer bee zombie (D:7)
  11 gnolls
  4 naga simulacra (IceCv)
  12 adders
  A shadow imp (D:5)
  16 white imps
  5 ufetubi
  A dart slug (D:2)
  A ribbon worm (D:2)
  33 orcs
  13 bats
  6 endoplasms
  3 giant cockroaches
  7 goblins
  10 hobgoblins
  3 jackals (D:2)
  12 kobolds
  3 quokkas
  8 ball pythons
  4 frilled lizards
  3 rats
380 creatures vanquished.

Notes
Turn   | Place    | Note
-------+----------+-------------------------------------------
     0 | D:1      | vmvhnmv the Minotaur Fighter began the quest for the Orb.
     0 | D:1      | Reached XP level 1. HP: 19/19 MP: 0/0
   300 | D:1      | Reached XP level 2. HP: 27/27 MP: 1/1
   903 | D:2      | Reached skill level 1 in Dodging
  1033 | D:2      | Reached XP level 3. HP: 30/33 MP: 2/2
  1070 | D:2      | Found a faded altar of an unknown god.
  1152 | D:2      | Identified a scroll of acquirement
  1152 | D:2      | Acquired 864 gold pieces
  1355 | D:2      | Reached XP level 4. HP: 40/40 MP: 3/3
  1385 | D:2      | Gained mutation: Potions are less effective at restoring
                  | your health. [potion of mutation]
  1385 | D:2      | Gained mutation: Armour fits poorly on your strangely
                  | shaped body. [potion of mutation]
  1385 | D:2      | Gained mutation: You occasionally lose the ability to drink
                  | potions when taking damage. [potion of mutation]
  2055 | D:3      | Reached XP level 5. HP: 16/47 MP: 2/4
  2168 | D:3      | Noticed Pargi
  2185 | D:3      | Killed Pargi
  2344 | D:3      | Found a hide-covered altar of Uskayaw.
  2350 | D:3      | Found a white marble altar of Elyvilon.
  2376 | D:3      | Found Boesh's Book Emporium.
  2485 | D:3      | Reached XP level 6. HP: 55/55 MP: 5/5
  2904 | D:4      | Found a staircase to the Ecumenical Temple.
  2916 | Temple   | Entered the Ecumenical Temple
  2933 | Temple   | Became a worshipper of Warmaster Okawaru
  2962 | D:4      | Identified the +0 robe "Otruod" {Stlth+}
  3018 | D:4      | Reached skill level 5 in Fighting
  3118 | D:4      | Reached skill level 5 in Armour
  3118 | D:4      | Reached skill level 5 in Shields
  3349 | D:4      | Found a runed translucent gate.
  3349 | D:4      | Found a runed translucent gate.
  3349 | D:4      | Found a runed translucent gate.
  3349 | D:4      | Found an opulent altar of Gozag.
  3350 | D:4      | Noticed Essalna's ghost (novice GrEE)
  3362 | D:4      | Noticed Sigmund
  3392 | D:4      | Killed Sigmund
  3393 | D:4      | Reached XP level 7. HP: 48/61 MP: 4/6
  3527 | D:4      | Noticed Natasha
  3531 | D:4      | Killed Natasha
  3572 | D:4      | Reached * piety under Okawaru
  3615 | D:4      | Noticed Natasha
  3618 | D:4      | Killed Natasha
  3641 | D:4      | Noticed Natasha
  3645 | D:4      | Killed Natasha
  4051 | D:4      | Lost mutation: Potions are less effective at restoring your
                  | health. [potion of mutation]
  4051 | D:4      | Lost mutation: Armour fits poorly on your strangely shaped
                  | body. [potion of mutation]
  4051 | D:4      | Gained mutation: Your mind is acute. (Int +4, Str/Dex -1)
                  | [potion of mutation]
  4051 | D:4      | Gained mutation: You have a somewhat thin skeletal
                  | structure. (Dex +2, Stealth+) [potion of mutation]
  4081 | D:5      | Entered Level 5 of the Dungeon
  4274 | D:5      | Reached skill level 5 in Axes
  4857 | D:6      | Reached XP level 8. HP: 70/70 MP: 7/7
  4864 | D:6      | Reached ** piety under Okawaru
  4879 | D:6      | Identified the amulet of Xabbeq {Spirit Harm Str+3 Dex+4}
  4917 | D:6      | Found a glowing silver altar of Zin.
  4995 | D:6      | Noticed a hornet
  5008 | D:6      | Killed a hornet
  5215 | D:6      | Reached skill level 5 in Dodging
  5425 | D:6      | Reached *** piety under Okawaru
  5437 | D:6      | Reached XP level 9. HP: 33/79 MP: 4/8
  5694 | D:6      | Found a runed translucent door.
  5695 | D:6      | Noticed Crazy Yiuf
  5700 | D:6      | Killed Crazy Yiuf
  6326 | D:7      | Found a shimmering blue altar of Sif Muna.
  6487 | D:7      | Reached **** piety under Okawaru
  6798 | D:7      | Noticed Dowan
  6799 | D:7      | Noticed Duvessa
  6807 | D:7      | Killed Duvessa
  6811 | D:7      | Killed Dowan
  7888 | D:8      | Noticed Maggie
  7891 | D:8      | Reached XP level 10. HP: 45/90 MP: 4/9
  7910 | D:7      | Killed Maggie
  8175 | D:8      | Reached ***** piety under Okawaru
  8685 | D:9      | Noticed a two-headed ogre
  8691 | D:9      | Killed a two-headed ogre
  9582 | D:10     | Entered Level 10 of the Dungeon
  9656 | D:10     | Received a gift from Okawaru
  9881 | D:10     | Found a radiant altar of Vehumet.
 10129 | D:10     | Acquired the +8 broad axe of Igauff {heavy, Dex+6}
 10131 | D:10     | Acquired the +0 pair of boots "Wongedon" {SInv}
 10253 | D:10     | Noticed a two-headed ogre
 10263 | D:10     | Found a staircase to the Lair.
 10469 | D:10     | Killed a two-headed ogre
 10470 | D:10     | Reached XP level 11. HP: 51/99 MP: 4/10
 10832 | D:10     | Noticed an arcanist
 10844 | D:10     | Killed an arcanist
 10845 | D:10     | Reached skill level 10 in Fighting
 10845 | D:10     | Reached skill level 10 in Armour
 10845 | D:10     | Reached skill level 10 in Shields
 10936 | D:10     | Received a gift from Okawaru
 11261 | D:10     | Noticed a centaur warrior
 11266 | D:10     | Killed a centaur warrior
 11337 | D:10     | Identified the +9 hand axe of Enkez {speed, rC+ MP-9 Str+4}
 11337 | D:10     | Noticed a centaur warrior
 11344 | D:10     | Killed a centaur warrior
 11345 | D:10     | Reached skill level 10 in Axes
 11502 | D:11     | Noticed a two-headed ogre
 11510 | D:11     | Killed a two-headed ogre
 11623 | D:11     | Received a gift from Okawaru
 11721 | D:11     | Noticed a skeletal warrior
 11723 | D:11     | Noticed a skeletal warrior
 11725 | D:11     | Reached ****** piety under Okawaru
 11737 | D:11     | Killed a skeletal warrior
 11740 | D:11     | Killed a skeletal warrior
 11944 | D:11     | Found a staircase to the Orcish Mines.
 11951 | D:11     | Noticed a two-headed ogre
 11958 | D:11     | Killed a two-headed ogre
 11975 | D:11     | Found a frozen archway.
 11995 | IceCv    | Entered an ice cave
 12216 | IceCv    | Received a gift from Okawaru
 12262 | IceCv    | Reached XP level 12. HP: 61/110 MP: 5/11
 12522 | IceCv    | Noticed a reaper
 12530 | IceCv    | Killed a reaper
 12535 | IceCv    | Reached skill level 10 in Dodging
 12535 | IceCv    | HP: 4/110 [ice devil (8)]
 12551 | IceCv    | HP: 5/110 [troll simulacrum (7)]
 13201 | D:11     | Received a gift from Okawaru
 13734 | D:11     | Noticed Lodul
 13740 | D:11     | Killed Lodul
 14543 | D:12     | Received a gift from Okawaru
 14583 | D:12     | You fall into a shaft and drop 1 floor!
 14586 | D:13     | Found a runed translucent gate.
 14586 | D:13     | Noticed a fire giant
 14587 | D:13     | Found a runed translucent gate.
 14587 | D:13     | Noticed a boulder beetle
 14587 | D:13     | Noticed a fire dragon
 14587 | D:13     | Noticed Jess's ghost (journeyman TeSu)
 14588 | D:13     | Found a runed translucent gate.
 14609 | Abyss:3  | Cast into level 3 of the Abyss (an occultist)
 14714 | Abyss:3  | Gained mutation: You are frail. (-10% HP) [a neqoxec]
 14717 | Abyss:3  | Gained mutation: You sometimes lose the ability to drink
                  | potions when taking damage. [a neqoxec]
 14718 | Abyss:3  | Gained mutation: You are very frail. (-20% HP) [a neqoxec]
 14736 | Abyss:3  | Noticed a tentacled monstrosity
 14768 | Abyss:3  | Noticed a green death
 14769 | Abyss:3  | Killed a tentacled monstrosity
 14770 | Abyss:3  | Reached XP level 13. HP: 36/95 MP: 3/12
 14779 | Abyss:3  | Killed a green death
 14791 | Abyss:3  | Received a gift from Okawaru
 14794 | Abyss:3  | Acquired the +0 pair of boots of the Stone Wall {rElec rN++
                  | Will- SInv}
 14794 | Abyss:3  | Received a gift from Okawaru
 15022 | D:12     | Escaped the Abyss
 15080 | D:12     | Got the Secrets of Sand
 15087 | D:12     | Got the Octavo of Combed Thunderclap
 15108 | D:12     | Got the Encyclopedia of Dhcmrlchtdj
 15259 | D:12     | Acquired the ring of Untruth {rElec rF+ Str+2 SInv}
 16114 | D:13     | Received a gift from Okawaru
 16519 | D:13     | Found an iron altar of Okawaru.
 16726 | D:13     | Killed a fire giant
 16728 | D:13     | Killed a fire dragon
 16741 | D:13     | Slain by a boulder beetle

Illustrated notes

Levels and vault maps discovered:
D:1:      dpeg_arrival_round_c, layout_loops_corners
D:2:      minmay_chambers_of_ones, layout_loops_ring,
          dreamdust_ecumenical_altar_angels_and_demons
D:3:      layout_basic, mainiacjoe_overflow_big_doors, serial_shops,
          nicolae_shop_getting_attention, uniq_pargi
D:4:      minmay_spotlight, layout_gridville, minmay_temple_entry_ruins,
          ebering_ghost_gozag, uniq_natasha, uniq_sigmund
D:5:      cheibrodos_quashed, layout_basic
D:6:      layout_loops_ring, zin_academy, serial_glass, glass_columns_a,
          glass_columns_c, due_unseen_surprise, feat_on_display,
          feat_on_display, uniq_crazy_yiuf_cottage
D:7:      layout_gridville, lemuel_doored_altar, serial_undead, serial_undead_d,
          serial_undead_e, serial_undead_a, serial_undead_c, uniq_duvessa
D:8:      layout_rooms, uniq_maggie
D:9:      layout_basic
D:10:     minmay_the_grid_triangle_9x9_recursive_2
          [minmay_the_grid_triangle_9x9_prize_center,
          minmay_the_grid_triangle_9x9_zippers_vertical,
          minmay_the_grid_triangle_9x9_wacky_v,
          minmay_the_grid_triangle_9x9_stretched_checkered], layout_long_grid,
          mainiacjoe_overflow_alcove_1, lair_entry_dummy
D:11:     layout_layer_cave, orc_0_dummy, serial_ice, serial_ice_o,
          serial_ice_n, serial_ice_g, serial_ice_d, portal_ice_cave_entry_imps,
          uniq_lodul
D:12:     layout_irregular_city, grunt_livestock, bh_hangedman_babel_library
D:13:     layout_irregular_city, gammafunk_ghost_split, hangedman_decor_points,
          okawaru_altar_gauntlet_db
Temple:   bh_familiar_temple

Skill      XL: |  1  2  3  4  5  6  7  8  9 10 11 12 13 |
---------------+----------------------------------------+-----
Dodging        | 1 2 3 4 5 7 8 9 10 11 | 11.8
Fighting       | 4 5 6 7 8 9 11 12 13 | 13.3
Armour         | 4 5 6 7 8 9 11 12 13 | 13.3
Shields        | 4 5 6 7 8 9 11 12 13 | 13.3
Axes           | 3 4 5 6 8 9 10 12 13 | 13.1

Action                     |  1- 3 |  4- 6 |  7- 9 | 10-12 | 13-15 || total
---------------------------+-------+-------+-------+-------+-------++-------
  Melee: War axe           |    70 |   123 |   271 |   154 |       ||   618
         Headbutt          |    10 |    23 |    48 |    78 |    19 ||   178
         Unarmed           |       |     3 |       |       |       ||     3
         Broad axe         |       |       |       |   213 |   112 ||   325
         Hand axe          |       |       |       |       |     7 ||     7
 Invoke: Heroism           |       |       |       |       |     1 ||     1
         Receive Armour    |       |       |       |       |     1 ||     1
    Use: Scroll            |     9 |     4 |     7 |    11 |     3 ||    34
         Potion            |       |     2 |     3 |     7 |     3 ||    15
 Armour: Scale mail        |    48 |    83 |   233 |   353 |       ||   717
         Skin              |       |    10 |       |       |       ||    10
         Plate armour      |       |       |       |    76 |   218 ||   294
  Dodge: Dodged            |    43 |    62 |   149 |   278 |   110 ||   642
  Block: Buckler           |    24 |    36 |    97 |   200 |    98 ||   455

Table legend: (Time is in decaauts)
 A = Elapsed time spent in this place.
 B = Non-inter-level travel time spent in this place.
 C = Inter-level travel time spent in this place.
 D = Time resting spent in this place.
 E = Time spent auto-exploring this place.
 F = Levels seen in this place.
 G = Mean time per level.
                   A        B        C        D        E       F      G
               +--------+--------+--------+--------+--------+-----+--------+
         Total |  17091 |  16644 |    447 |    532 |  13113 |  16 | 1068.2 |
       Dungeon |  15550 |  15116 |    434 |    488 |  12077 |  13 | 1196.2 |
        Temple |     30 |     17 |     13 |      0 |      0 |   1 |   30.0 |
         Abyss |    442 |    442 |      0 |     16 |    291 |   1 |  442.0 |
      Ice Cave |   1067 |   1067 |      0 |     28 |    745 |   1 | 1067.0 |
               +--------+--------+--------+--------+--------+-----+--------+

Top non-repeatable levels by time:
     D:7: 1895 daAuts
    D:11: 1711 daAuts
    D:10: 1674 daAuts
    D:12: 1511 daAuts
     D:9: 1238 daAuts
     D:6: 1224 daAuts
     D:4: 1167 daAuts
   IceCv: 1067 daAuts
     D:3: 1033 daAuts
     D:2: 1029 daAuts
     D:1: 892 daAuts
     D:5: 773 daAuts
     D:8: 704 daAuts
    D:13: 693 daAuts
 Abyss:3: 442 daAuts
